AoeStats
← Sir_HaXaLoT.exe

Hill Fort

506199860Analyzed
4v4 RM · 20d ago on Sep 12, 2026· 45m 18s· 8 players
Game mode
Random Map
Map size
Large (8 player)
Population
200
Speed
Normal
Resources
Standard
Victory
Conquest
Starting age
Dark Age
Ending age
Imperial Age
RankedLock teamsTeams togetherTeam positionsShared explorationLock speedFull tech treeHidden civsTurbo modeCheats
Victory
Defeat
🇬🇧 Mongols · United Kingdom
1233
+14
🇧🇷 Burmese · Brazil
1227
+15
🇸🇦 Burgundians · Saudi Arabia
1184
+16
🇩🇪 Maya · Germany
1171
+17
🇩🇪 Khmer · Germany
1273
-18
🇩🇪 Khitans · Germany
1202
-16
🇵🇱 Shu · Poland
1184
-15
🇩🇪 Slavs · Germany
1122
-13
Sir_HaXaLoT.exe
11:40 Feudal Age
14:59 Castle Age
25:14 Loom
31:08 Horse Collar
32:11 Double-Bit Axe
34:34 Wheelbarrow
34:31 Bow Saw
36:06 Gold Mining
38:28 Pikeman
40:22 Gold Shaft Mining
40:17 Forging
40:12 Scale Barding Armor
41:47 Iron Casting
46:24 Imperial Age
Bipedal_Man
10:43 Feudal Age
14:40 Castle Age
14:37 Loom
14:56 Double-Bit Axe
14:54 Horse Collar
21:39 Fletching
21:49 Crossbowman
23:38 Bodkin Arrow
26:29 Wheelbarrow
26:07 Padded Archer Armor
27:14 Town Watch
28:07 Hand Cart
32:33 Imperial Age
30:13 Gold Mining
31:13 Leather Archer Armor
32:12 Thumb Ring
33:15 Bracer
32:36 Arbalester
34:20 Chemistry
35:55 Ring Archer Armor
35:50 Ballistics
36:13 Bolt Magazine
40:30 Siege Engineers
D.EvilsToy
11:08 Feudal Age
15:04 Castle Age
13:10 Double-Bit Axe
13:31 Domestication
15:45 Scale Barding Armor
24:48 Forging
25:28 Husbandry
26:43 Iron Casting
28:02 Bow Saw
34:30 Pastoralism
35:14 Chain Barding Armor
36:27 Fletching
39:21 Imperial Age
37:29 Wheelbarrow
37:15 Bodkin Arrow
37:09 Light Cavalry
37:58 Loom
37:59 Town Watch
38:18 Scale Mail Armor
39:36 Hussar
41:15 Plate Barding Armor
40:38 Gold Mining
41:04 Heavy Camel Rider
42:28 Conscription
43:32 Elite Skirmisher
44:31 Bracer
45:19 Ballistics
fridy77
6:57 Loom
10:26 Feudal Age
17:01 Castle Age
15:59 Stone Mining
17:52 Double-Bit Axe
18:14 Fletching
23:02 Forging
29:25 Wheelbarrow
31:34 Scale Barding Armor
33:40 Horse Collar
34:15 Bow Saw
35:36 Hand Cart
41:40 Heavy Plow
42:21 Town Watch
42:58 Chain Barding Armor
43:37 Scale Mail Armor
43:32 Bodkin Arrow
43:40 Padded Archer Armor
43:35 Bodkin Arrow
Papamaci
10:48 Feudal Age
14:47 Castle Age
13:10 Double-Bit Axe
14:18 Horse Collar
15:56 Bow Saw
17:55 Loom
21:25 Wheelbarrow
21:04 Forging
22:23 Scale Barding Armor
22:28 Husbandry
22:55 Heavy Plow
23:43 Gold Mining
23:44 Stone Mining
31:23 Bloodlines
31:29 Fletching
33:49 Gold Shaft Mining
34:27 Bodkin Arrow
38:17 Imperial Age
37:33 Ballistics
36:47 Light Cavalry
37:49 Chain Barding Armor
38:20 Elite Mangudai
39:01 Bracer
39:42 Thumb Ring
40:03 Parthian Tactics
39:45 Padded Archer Armor
40:20 Iron Casting
41:28 Leather Archer Armor
42:38 Chemistry
41:35 Hussar
43:16 Blast Furnace
44:32 Conscription
LmC_Mr.Brown 2001
7:16 Loom
9:30 Feudal Age
9:31 Man-at-Arms
11:12 Arson
18:50 Horse Collar
26:07 Castle Age
27:37 Pikeman
28:33 Forging
31:06 Heavy Plow
34:00 Fletching
34:02 Elite Skirmisher
34:47 Padded Archer Armor
35:36 Wheelbarrow
36:19 Ballistics
36:48 Hand Cart
37:03 Bodkin Arrow
38:29 Manipur Cavalry
42:11 Imperial Age
39:30 Town Watch
40:25 Bloodlines
40:46 Scale Barding Armor
40:44 Husbandry
41:49 Chain Barding Armor
42:29 Gold Mining
42:12 Elite Battle Elephant
43:01 Howdah
44:06 Iron Casting
43:56 Conscription
45:00 Plate Barding Armor
45:51 Blast Furnace
Nightwraith
3:04 Double-Bit Axe
3:15 Loom
10:31 Feudal Age
9:40 Gold Mining
11:51 Bow Saw
17:59 Castle Age
20:07 Two-Man Saw
20:01 Forging
22:19 Wheelbarrow
23:46 Hand Cart
26:45 Iron Casting
25:36 Cavalier
27:23 Husbandry
29:25 Town Watch
30:46 Stone Mining
31:37 Gold Shaft Mining
30:43 Horse Collar
31:35 Scale Barding Armor
34:03 Fletching
34:36 Burgundian Vineyards
35:31 Chain Barding Armor
38:16 Imperial Age
38:46 Bodkin Arrow
38:26 Onager
38:36 Paladin
TONIC
0:28 Loom
11:02 Feudal Age
11:51 Double-Bit Axe
15:39 Town Watch
18:01 Fletching
22:52 Castle Age
21:58 Padded Archer Armor
21:52 Gold Mining
21:45 Horse Collar
23:39 Bodkin Arrow
23:09 Crossbowman
24:49 Bow Saw
26:57 Wheelbarrow
27:47 Ballistics
29:50 Thumb Ring
30:58 Heavy Plow
38:02 Imperial Age
37:05 Heated Shot
39:06 Bracer
39:23 Leather Archer Armor
40:06 Stone Mining
40:05 Arbalester
42:23 Chemistry
Connection lost

Rejoining the realm…

Still unreachable

The connection could not be restored.

Session expired

The server has moved on; the page needs a fresh start.